 Dungeon Crawl Stone Soup version 0.31-a0-182-gc5ef74bbde (webtiles) character file.

Game seed: 5915605197128098234

445 frimble the Ruffian (level 7, 0/46 HPs)
             Began as an Octopode Warper on June 21, 2023.
             Slain by an orc wizard
             ... wielding a +0 dagger
              (3 damage)
             ... on level 3 of the Dungeon.
             The game lasted 00:04:44 (3683 turns).

frimble the Ruffian (Octopode Warper)               Turns: 3683, Time: 00:04:44

Health: 0/46       AC:  3    Str: 10    XL:     7   Next: 3%
Magic:  10/10      EV: 14    Int: 16    God:
Gold:   300        SH:  0    Dex: 11    Spells: 8/10 levels left

rFire   + .          .
                       - Unarmed
rCold   . . .        (no shield)
rNeg    . . .        (helmet restricted)
rPois   .            (no amulet)
rElec   .            f - ring of protection from fire
rCorr   .            (no ring)
SInv    .            (no ring)
Will    .....        (no ring)
Stlth   ++           (no ring)
HPRegen 0.27/turn    (no ring)
MPRegen 0.12/turn    (no ring)
                     (no ring)

%: no passive effects
@: confused
A: almost no armour, amphibious, 8 rings, camouflage 1, gelatinous body 1,
(nimble swimmer 1), tentacles, iridescent scales 1, weak 1
a: no special abilities


You were on level 3 of the Dungeon.
You visited 1 branch of the dungeon, and saw 4 of its levels.

You collected 300 gold pieces.

Inventory:

Hand Weapons
 a - a +0 sling
Missiles
 b - 7 boomerangs of dispersal (quivered)
Jewellery
 f - a ring of protection from fire (left tentacle)
Scrolls
 c - 2 scrolls of identify
 d - 2 scrolls of blinking
 h - a scroll of fog {unknown}


   Skills:
 + Level 3.3 Fighting
 - Level 1.0 Throwing
 + Level 3.7 Dodging
 + Level 3.9 Stealth
 + Level 5.2 Unarmed Combat
 - Level 2.0 Spellcasting
 - Level 3.0 Translocations


You had 8 spell levels left.
You knew the following spells:

 Your Spells              Type           Power      Damage    Failure   Level
a - Blink                 Tloc           22%        N/A       9%          2

Your spell library contained the following spells:

 Spells                   Type           Power      Damage    Failure   Level
 Lesser Beckoning         Tloc           22%        N/A       9%          2
 Teleport Other           Tloc           11%        N/A       19%         3
 Vhi's Electric Charge    Tloc/Air       12%        N/A       32%         3
 Manifold Assault         Tloc           11%        N/A       52%         4


Dungeon Overview and Level Annotations

Branches:
Dungeon (4/15)
 Temple: D:4-7

Altars:
Fedhas

Annotations:
D:2 1 runed translucent door, Crazy Yiuf
D:3 Ijyb


Innate Abilities, Weirdness & Mutations

You cannot wear most types of armour.
You are amphibious.
You can wear up to eight rings at the same time.
Your skin changes colour to match your surroundings (Stealth+).
Your rubbery body absorbs attacks. (AC +1, EV +1)
((You are camouflaged when in or above water. (Stealth+)))
You have tentacles for arms and can constrict up to eight enemies at once.
You are partially covered in iridescent scales. (AC +2)
You are weak. (Str -2)


Message History

Something hits you but does no damage.
Unknown command.
Okay, then.
Unknown command.
You are too confused!
You closely miss something. Your squeeze misses something.
You hear some strange, mumbled words.
You are more confused.
You closely miss something.
Your tentacle-slap misses something.
Something hits you.
You closely miss something. Your squeeze misses something. Something hits you.
You bump into the rock wall.
Something hits you.
* * * LOW HITPOINT WARNING * * *
You bump into the rock wall.
Something hits you.
* * * LOW HITPOINT WARNING * * *
You completely miss something. Your squeeze misses something.
You hear some strange, mumbled words.
A puff of flame appears from out of thin air!
The puff of flame misses you.
You bump into the rock wall.
Something hits you but does no damage.
You barely miss something. Something hits you.
* * * LOW HITPOINT WARNING * * *
You completely miss something. Something hits you.
* * * LOW HITPOINT WARNING * * *
You miss something. Something hits you.
* * * LOW HITPOINT WARNING * * *
You're too confused to cast spells.
Sorry, you're not good enough to have a special ability.
You closely miss something. Your squeeze misses something.
Something barely misses you. Something hits you.
* * * LOW HITPOINT WARNING * * *
Really quaff the potion of mutation?
You feel extremely strange.
Iridescent scales grow over part of your body.
You feel weaker. Something hits you but does no damage.
Unknown command.
You bump into the rock wall.
Something hits you.
You die...

..........#
..........#
..........
#........#
#........###
........)..#####
........<......#
.$......{.####)##
.......@..#
#..######
..#########
##......# #
######.### #....
##### #####
...... ###### #


There were no monsters in sight!

Vanquished Creatures
  A black bear (D:4)
  3 orc priests
  Terence (D:2)
  An iguana (D:4)
  2 orc wizards
  2 adders
  A gnoll (D:2)
  A worm (D:2)
  6 dart slugs
  15 orcs
  8 ball pythons
  7 endoplasms
  3 giant cockroaches
  17 goblins
  6 hobgoblins
  4 jackals (D:1)
  6 quokkas
  6 bats
  3 frilled lizards
  8 kobolds
  5 rats
106 creatures vanquished.

Notes
Turn   | Place    | Note
-------+----------+-------------------------------------------
     0 | D:1      | frimble the Octopode Warper began the quest for the Orb.
     0 | D:1      | Reached XP level 1. HP: 14/14 MP: 3/3
    62 | D:1      | Reached XP level 2. HP: 16/19 MP: 5/5
   104 | D:1      | Learned a level 2 spell: Blink
   157 | D:1      | Reached skill level 3 in Unarmed Combat
   465 | D:1      | Reached XP level 3. HP: 19/24 MP: 6/6
   822 | D:2      | Found a blossoming altar of Fedhas.
   838 | D:2      | Noticed Terence
   850 | D:2      | Killed Terence
   851 | D:2      | Reached skill level 4 in Unarmed Combat
   851 | D:2      | Reached XP level 4. HP: 22/29 MP: 7/7
  1475 | D:2      | Found a runed translucent door.
  1476 | D:2      | Noticed Crazy Yiuf
  1714 | D:3      | Reached skill level 1 in Stealth
  1892 | D:3      | Noticed Ijyb
  2010 | D:4      | Reached XP level 5. HP: 25/35 MP: 8/8
  2571 | D:4      | Noticed a black bear
  2586 | D:4      | Killed a black bear
  2587 | D:4      | Reached skill level 5 in Unarmed Combat
  2587 | D:4      | Reached XP level 6. HP: 7/42 MP: 6/9
  3572 | D:2      | Reached XP level 7. HP: 27/46 MP: 8/10
  3681 | D:3      | HP: 2/46 [something (4)]
  3682 | D:3      | Gained mutation: You are partially covered in iridescent
                  | scales. (AC +2) [potion of mutation]
  3682 | D:3      | Gained mutation: You are weak. (Str -2) [potion of
                  | mutation]
  3683 | D:3      | Slain by an orc wizard

Illustrated notes

Levels and vault maps discovered:
D:1:      dpeg_arrival_tiny_g, layout_loops_cross
D:2:      kennysheep_six_static_rooms, layout_loops_ring, basic_altar,
          uniq_terence, uniq_crazy_yiuf_cottage
D:3:      layout_rooms, nicolae_overflow_hidden_temple,
          gammafunk_ghost_mausoleum, uniq_ijyb
D:4:      cheibrodos_greedy_goblins, layout_basic

Skill      XL: |  1  2  3  4  5 |
---------------+----------------+-----
Unarmed Combat | 3 4 5 |  5.2
Stealth        | 1 3 |  3.9
Dodging        | 3 |  3.7
Fighting       | 3 |  3.3
Throwing       | |  1.0
Spellcasting   | |  2.0
Translocations | |  3.0

Action                     |  1- 3 |  4- 6 |  7- 9 || total
---------------------------+-------+-------+-------++-------
  Melee: Unarmed           |    44 |   161 |    26 ||   231
         Constrict         |     8 |    46 |     2 ||    56
         Tentacles         |     6 |    27 |     4 ||    37
         Punch             |       |     4 |       ||     4
   Fire: Sling             |    70 |    28 |       ||    98
   Cast: Blink             |       |     5 |       ||     5
    Use: Scroll            |     1 |     5 |       ||     6
         Potion            |       |     3 |     2 ||     5
   Stab: Sleeping          |     4 |    13 |       ||    17
 Armour: Skin              |    13 |     5 |     5 ||    23
  Dodge: Dodged            |    57 |    89 |    10 ||   156

Table legend: (Time is in decaauts)
 A = Elapsed time spent in this place.
 B = Non-inter-level travel time spent in this place.
 C = Inter-level travel time spent in this place.
 D = Time resting spent in this place.
 E = Time spent auto-exploring this place.
 F = Levels seen in this place.
 G = Mean time per level.
                   A        B        C        D        E       F      G
               +--------+--------+--------+--------+--------+-----+--------+
         Total |   3705 |   3528 |    177 |     91 |   2722 |   4 |  926.2 |
       Dungeon |   3705 |   3528 |    177 |     91 |   2722 |   4 |  926.2 |
               +--------+--------+--------+--------+--------+-----+--------+

Top non-repeatable levels by time:
     D:2: 1338 daAuts
     D:4: 1329 daAuts
     D:1: 763 daAuts
     D:3: 274 daAuts
